 Dungeon Crawl Stone Soup version 0.31.0-32-g396128a36d (webtiles) character file.

Game seed: 4395621948092447679

131744 Peloso the Fencer (level 16, -6/157 HPs)
             Began as a Minotaur Fighter on Mar 9, 2024.
             Was the Champion of Okawaru.
             Incinerated by a deep elf pyromancer (17 damage)
             ... with a pyre arrow
             ... on level 2 of the Orcish Mines.
             The game lasted 01:12:44 (31210 turns).

Peloso the Fencer (Minotaur Fighter)               Turns: 31210, Time: 01:12:45

Health: -6/157     AC: 38    Str: 24    XL:     16   Next: 56%
Magic:  16/16      EV:  8    Int:  5    God:    Okawaru [******]
Gold:   3546       SH:  8    Dex: 15    Spells: 15/15 levels left

rFire   . . .        a - +6 scimitar (freeze)
rCold   + + .        j - +0 buckler {reflect}
rNeg    . . .        N - +2 crystal plate armour {rC+}
rPois   .            S - +2 hat {SInv}
rElec   .            P - +0 cloak
rCorr   .            U - +1 pair of gloves
SInv    +            r - +2 pair of boots
Will    +....        J - amulet of regeneration Stlth
                     p - +4 ring of slaying
HPRegen 1.26/turn    c - ring of protection from cold
MPRegen 0.15/turn

%: reflection
@: on fire, glowing
A: horns 2, retaliatory headbutt
a: Renounce Religion, Heroism, Finesse, Duel, Receive Weapon, Receive Armour


You were on level 2 of the Orcish Mines.
You worshipped Okawaru.
Okawaru was exalted by your worship.
You visited 6 branches of the dungeon, and saw 25 of its levels.
You also visited: Gauntlet and Ice Cave.

You collected 3578 gold pieces.
You spent 32 gold pieces at shops.

Inventory:

Hand Weapons
 a - a +6 scimitar of freezing (weapon)
 b - a +1 long sword of flaming
Armour
 d - the +3 kite shield of Trumpets {Str+2}
   (You found it in a Gauntlet)

   Str+2:     It affects your strength (+2).
 j - a +0 buckler of reflection (worn)
 r - a +2 pair of boots (worn)
 N - a +2 crystal plate armour of cold resistance (worn)
 P - a +0 cloak (worn)
 S - a +2 hat of see invisible (worn)
 U - a +1 pair of gloves (worn)
Jewellery
 c - a ring of protection from cold (right hand)
 p - a +4 ring of slaying (left hand)
 B - a +6 ring of dexterity
 J - an amulet of regeneration (around neck)
 W - a ring of see invisible
Scrolls
 e - 5 scrolls of identify
 f - a scroll of vulnerability
 g - 8 scrolls of teleportation
 h - 2 scrolls of revelation
 i - 2 scrolls of fear
 l - a scroll of silence
 C - a scroll of blinking
Potions
 k - a potion of ambrosia
 m - a potion of lignification
 n - 3 potions of haste
 o - 3 potions of resistance
 q - 3 potions of curing
 w - 4 potions of enlightenment
 L - 5 potions of heal wounds
 X - a potion of might
 Y - 2 potions of berserk rage


   Skills:
 + Level 17.7 Fighting
 + Level 19.4 Long Blades
 + Level 18.4 Armour
 + Level 5.0 Dodging
 + Level 2.4 Stealth
 + Level 16.2 Shields
 + Level 2.2 Invocations
 + Level 0.5 Evocations


You had 15 spell levels left.
You didn't know any spells.
Your spell library contained the following spells:

 Spells                   Type           Power      Damage    Failure   Level
 Apportation              Tloc           0%         N/A       100%        1
 Foxfire                  Conj/Fire      0%         2x1d4     100%        1
 Kiss of Death            Conj/Necr      0%         2d5       100%        1
 Shock                    Conj/Air       0%         1d3       100%        1
 Blink                    Tloc           0%         N/A       100%        2
 Ensorcelled Hibernation  Hex/Ice        0%         N/A       100%        2
 Jinxbite                 Hex            0%         N/A       100%        2
 Lesser Beckoning         Tloc           0%         N/A       100%        2
 Momentum Strike          Conj/Tloc      0%         3d8       100%        2
 Sublimation of Blood     Necr           0%         N/A       100%        2
 Gell's Gravitas          Tloc           0%         N/A       100%        3
 Inner Flame              Hex/Fire       0%         N/A       100%        3
 Passwall                 Erth           0%         N/A       100%        3
 Sigil of Binding         Hex            0%         N/A       100%        3
 Stone Arrow              Conj/Erth      0%         3d7       100%        3
 Swiftness                Air            0%         N/A       100%        3
 Teleport Other           Tloc           0%         N/A       100%        3
 Airstrike                Air            0%         2d(0-16)  100%        4
 Anguish                  Hex/Necr       0%         N/A       100%        4
 Cause Fear               Hex            0%         N/A       100%        4
 Dimensional Bullseye     Hex/Tloc       0%         N/A       100%        4
 Flame Wave               Conj/Fire      0%         2d4       100%        4
 Fulminant Prism          Conj/Alch      0%         3d5       100%        4
 Ignite Poison            Fire/Alch      0%         N/A       100%        4
 Manifold Assault         Tloc           0%         N/A       100%        4
 Olgreb's Toxic Radiance  Alch           0%         N/A       100%        4
 Sticky Flame             Fire/Alch      0%         2d4       100%        4
 Vhi's Electric Charge    Tloc/Air       0%         N/A       100%        4
 Alistair's Intoxication  Alch           0%         N/A       100%        5
 Arcjolt                  Conj/Air       0%         1d10      100%        5
 Borgnjor's Vile Clutch   Necr/Erth      0%         N/A       100%        5
 Fireball                 Conj/Fire      0%         3d3       100%        5
 Dispersal                Tloc           0%         N/A       100%        6
 Plasma Beam              Fire/Air       0%         2x1d10    100%        6
 Starburst                Conj/Fire      0%         6d3       100%        6
 Enfeeble                 Hex            0%         N/A       100%        7
 Ozocubu's Refrigeration  Ice            0%         4d7       100%        7
 Discord                  Hex            0%         N/A       100%        8
 Disjunction              Tloc           0%         N/A       100%        8
 Lehudib's Crystal Spear  Conj/Erth      0%         10d2      100%        8
 Call Imp                 Summ           Unusable   N/A       N/A         2
 Call Canine Familiar     Summ           Unusable   N/A       N/A         3
 Animate Armour           Summ/Erth      Unusable   N/A       N/A         4
 Animate Dead             Necr           Unusable   N/A       N/A         4
 Summon Blazeheart Golem  Fire/Summ      Unusable   N/A       N/A         4
 Death Channel            Necr           Unusable   N/A       N/A         6
 Summon Hydra             Summ           Unusable   N/A       N/A         7

Dungeon Overview and Level Annotations

Branches:
Dungeon (15/15)            Temple (1/1) D:7            Lair (5/5) D:9
 Shoals (1/4) Lair:2        Snake (0/4) Lair:2        Slime (0/5) Lair:4
    Orc (2/2) D:11            Elf (1/3) Orc:2        Vaults (0/5) D:14
 Depths (0/4) D:15          IceCv (visited)         Gauntlet (visited)

Altars:
Ashenzari
Cheibriados
Dithmenos
Elyvilon
Fedhas
Gozag
Hepliaklqana
Kikubaaqudgha
Makhleb
Nemelex Xobeh
Okawaru
Qazlal
Ru
Sif Muna
Trog
Uskayaw
Vehumet
Wu Jian
Xom
Yredelemnul
Zin
The Shining One
Jiyva

Shops:
D:1 *   Orc:2 *[(*

Annotations:
Lair:1 Casa


Innate Abilities, Weirdness & Mutations

You have a pair of horns on your head.
You reflexively headbutt those who attack you in melee.


Message History

You block the fire elemental's attack.
The deep elf pyromancer casts a spell at you.
The pyre arrow hits you.
You are even more covered in intense liquid fire!
The deep elf zephyrmancer hits you but does no damage.
You shake off some of the fire as you move.
You climb upwards.
Welcome back to the Orcish Mines!
The liquid fire burns you!
* * * LOW HITPOINT WARNING * * *
There is a staircase to the Elven Halls here.
Unknown command.
You slash the deep elf zephyrmancer! You freeze the deep elf zephyrmancer.
Your headbutt misses the deep elf zephyrmancer.
The deep elf zephyrmancer is moderately wounded.
The liquid fire burns you!
* * * LOW HITPOINT WARNING * * *
Unknown command.
You closely miss the deep elf zephyrmancer.
The deep elf zephyrmancer is moderately wounded.
The liquid fire burns you!
* * * LOW HITPOINT WARNING * * *
The deep elf zephyrmancer hits you with a +0 short sword.
* * * LOW HITPOINT WARNING * * *
Unknown command.
You slice the deep elf zephyrmancer!! You freeze the deep elf zephyrmancer.
Your headbutt misses the deep elf zephyrmancer.
The deep elf zephyrmancer is almost dead.
The liquid fire burns you!
* * * LOW HITPOINT WARNING * * *
The deep elf zephyrmancer hits you but does no damage.
Unknown command.
You slash the deep elf zephyrmancer! You freeze the deep elf zephyrmancer.
You kill the deep elf zephyrmancer!
Okawaru accepts your kill. The liquid fire burns you!
* * * LOW HITPOINT WARNING * * *
Unknown command.
You shake off some of the fire as you move.
The liquid fire burns you!
You die...

........#...###.##.##
#............#......#
.......##...###.##.##
............#....#.## ###
..#........#........####.##
.#..................#.<...#
..#......................##
....................#.....#
...............)@...####.##
#...............>....##...#
..)..#............#...##.##
..)......#.........#......#
.....#.##................##
........................##
.)...).........###'#....#
..............##.[(##..##
..............#..)[.#)##


There were no monsters in sight!

Vanquished Creatures
  Saint Roka (Orc:2)
  Rupert (Lair:3)
  Gastronok (Lair:3)
  A reaper (IceCv)
  Nessos (D:15)
  3 dire elephants (Lair:5)
  A minotaur (Gauntlet)
  Snorg (Lair:3)
  An ettin (D:15)
  A yaktaur captain (D:14)
  7 hydras
  A merfolk avatar (Shoals:1)
  5 catoblepae
  An ogre mage (D:12)
  5 centaur warriors
  4 boulder beetles
  2 merfolk aquamancers (Shoals:1)
  3 tengu warriors
  A death knight (D:14)
  A hell hog (Lair:5)
  6 two-headed ogres
  12 death yaks
  The ghost of Beaer the Covert, a novice DgEE (D:10)
  Nergalle (Lair:3)
  3 spriggans (D:10)
  A soul eater (Gauntlet)
  Amaemon (Lair:1)
  A deep troll (D:15)
  5 sea snakes
  A skyshark (Lair:2)
  A death drake (Gauntlet)
  2 lindwurms
  3 phantasmal warriors (D:14)
  Pikel (D:7)
  An orc knight (Orc:2)
  3 deep elf pyromancers
  2 deep elf zephyrmancers
  5 harpies (Shoals:1)
  An orc sorcerer (Orc:2)
  2 wolf spider zombies (Gauntlet)
  9 ugly things
  8 manticores
  3 fauns (Shoals:1)
  5 cyclopes
  9 kobold blastminers
  6 black mambas
  3 meliai (D:15)
  2 elephants (Lair:5)
  A centaur zombie (Gauntlet)
  A merfolk siren (Shoals:1)
  5 slime creatures
  Joseph (D:8)
  A spectral centaur (Gauntlet)
  3 water nymphs (Shoals:1)
  An orange demon (Lair:1)
  An ice statue (IceCv)
  4 gargoyles
  12 cane toads
  3 unseen horrors
  13 komodo dragons
  5 kobold demonologists
  5 rime drakes
  A freezing wraith (D:14)
  4 yaktaurs
  2 ice devils (IceCv)
  Psyche (D:10)
  2 tengu conjurers
  8 trolls
  A troll (shapeshifter) (D:12)
  12 polar bears
  A wind drake (Shoals:1)
  A wolf spider simulacrum (D:15)
  3 merfolk (Shoals:1)
  Prince Ribbit (D:7)
  A hornet (D:10)
  28 blink frogs
  3 raiju (Lair:5)
  3 dream sheep (Lair:5)
  Sigmund (D:5)
  3 shadows
  47 yaks
  3 water elementals (Shoals:1)
  4 wraiths
  6 wyverns
  2 vampires
  5 wargs
  Grum (D:11)
  5 basilisks
  3 steam dragons (D:8)
  A death yak simulacrum (IceCv)
  19 vampire mosquitoes
  Menkaure (D:5)
  4 nagas (Lair:2)
  3 harpy simulacra (IceCv)
  3 acid dragons
  14 water moccasins
  Duvessa (D:7)
  14 hell hounds (Lair:5)
  3 hydra simulacra (IceCv)
  32 orc warriors
  8 ice beasts
  A sky beast (D:8)
  14 black bears
  10 ogres
  28 wolves
  7 centaurs
  A lemure (D:7)
  A phantom (D:5)
  5 kobold brigands
  6 bullfrogs
  5 two-headed ogre simulacra (IceCv)
  2 gnoll sergeants
  3 cane toad simulacra (IceCv)
  Dowan (D:7)
  An elephant simulacrum (IceCv)
  6 killer bees (D:8)
  3 howler monkeys
  A jelly (shapeshifter) (D:14)
  18 orc priests
  2 bombardier beetles
  3 jellies
  Crazy Yiuf (D:2)
  A hound (D:4)
  A gnoll bouda (D:8)
  5 iguanas
  2 sleepcaps
  23 orc wizards
  6 hell rats (Lair:2)
  Natasha (thrice) (D:2)
  2 wolf simulacra (IceCv)
  5 spriggan simulacra (IceCv)
  6 troll simulacra (IceCv)
  11 gnolls
  Robin (D:3)
  10 naga simulacra (IceCv)
  20 adders
  4 shadow imps
  21 white imps
  9 ufetubi
  3 dart slugs
  2 ribbon worms (D:3)
  90 orcs
  5 endoplasms
  11 goblins
  16 hobgoblins
  8 jackals
  27 kobolds
  2 quokkas
  7 ball pythons
  6 bats
  3 frilled lizards
  9 rats
889 creatures vanquished.

Vanquished Creatures (others)
  A deep elf pyromancer (D:12)
1 creature vanquished.

Grand Total: 890 creatures vanquished

Notes
Turn   | Place    | Note
-------+----------+-------------------------------------------
     0 | D:1      | Peloso the Minotaur Fighter began the quest for the Orb.
     0 | D:1      | Reached XP level 1. HP: 19/19 MP: 0/0
   102 | D:1      | Reached XP level 2. HP: 22/27 MP: 1/1
   298 | D:1      | Found Uduni's General Store.
   693 | D:2      | Reached XP level 3. HP: 30/33 MP: 2/2
   782 | D:2      | Reached skill level 3 in Long Blades
   945 | D:2      | Found the +3 robe of Clouds {*Thunder rCloud rElec}
   967 | D:2      | Noticed Natasha
   985 | D:2      | Killed Natasha
   986 | D:2      | Reached XP level 4. HP: 7/40 MP: 3/3
  1292 | D:2      | Found a runed translucent door.
  1293 | D:2      | Noticed Crazy Yiuf
  1390 | D:2      | Noticed Natasha
  1397 | D:2      | Killed Natasha
  1398 | D:2      | Reached skill level 4 in Long Blades
  1641 | D:2      | Noticed Natasha
  1656 | D:2      | Killed Natasha
  1657 | D:2      | Reached XP level 5. HP: 26/47 MP: 4/4
  1939 | D:3      | Reached skill level 1 in Dodging
  2227 | D:3      | Reached skill level 5 in Long Blades
  2227 | D:3      | Reached skill level 5 in Armour
  2377 | D:3      | Reached XP level 6. HP: 13/53 MP: 5/5
  2769 | D:3      | Noticed Robin
  2785 | D:3      | Killed Robin
  3856 | D:5      | Entered Level 5 of the Dungeon
  3966 | D:5      | Noticed Menkaure
  3978 | D:5      | HP: 2/55 [Menkaure (4)]
  3981 | D:5      | Killed Menkaure
  3982 | D:5      | Reached XP level 7. HP: 3/60 MP: 6/6
  4199 | D:5      | Reached skill level 5 in Fighting
  4199 | D:5      | Reached skill level 6 in Long Blades
  4239 | D:5      | Noticed Sigmund
  4248 | D:5      | Killed Sigmund
  4358 | D:5      | Reached skill level 7 in Long Blades
  4358 | D:5      | Reached skill level 5 in Shields
  4408 | D:5      | Reached XP level 8. HP: 61/68 MP: 7/7
  5277 | D:6      | Reached skill level 1 in Stealth
  5443 | D:6      | Found a stormy altar of Qazlal.
  5620 | D:7      | Noticed Dowan
  5624 | D:7      | Reached skill level 8 in Long Blades
  5626 | D:7      | Noticed Duvessa
  5638 | D:7      | Killed Duvessa
  5648 | D:7      | Killed Dowan
  6101 | D:7      | Noticed Prince Ribbit
  6110 | D:7      | Killed Prince Ribbit
  6111 | D:7      | Reached skill level 9 in Long Blades
  6243 | D:7      | Reached XP level 9. HP: 42/75 MP: 8/8
  6883 | D:7      | Noticed Pikel
  6895 | D:7      | Killed Pikel
  6896 | D:7      | Reached skill level 10 in Long Blades
  6943 | D:7      | Found a staircase to the Ecumenical Temple.
  6954 | Temple   | Entered the Ecumenical Temple
  6968 | Temple   | Became a worshipper of Warmaster Okawaru
  7320 | D:8      | Noticed a two-headed ogre
  7342 | D:8      | Killed a two-headed ogre
  7342 | D:8      | Reached * piety under Okawaru
  7343 | D:8      | Reached skill level 11 in Long Blades
  7343 | D:8      | Reached XP level 10. HP: 35/86 MP: 9/9
  8006 | D:8      | Noticed Joseph
  8021 | D:8      | Killed Joseph
  8373 | D:8      | Reached ** piety under Okawaru
  8499 | D:8      | Reached skill level 12 in Long Blades
  9233 | D:8      | Reached skill level 10 in Armour
  9517 | D:9      | Found a staircase to the Lair.
  9624 | D:9      | Got the Vellum of Spectral Phlogiston
  9799 | D:9      | Reached *** piety under Okawaru
  9862 | D:8      | HP: 2/90 [yak (7)]
  9887 | D:8      | Reached skill level 13 in Long Blades
 10340 | D:10     | Entered Level 10 of the Dungeon
 10350 | D:10     | Reached XP level 11. HP: 71/95 MP: 10/10
 10568 | D:10     | Noticed Psyche
 10571 | D:10     | Paralysed by Psyche for 4 turns
 10586 | D:10     | Killed Psyche
 10727 | D:10     | Found a runed translucent door.
 10729 | D:10     | Noticed Beaer's ghost (novice DgEE)
 10743 | D:10     | Noticed a spriggan rider
 10745 | D:10     | Identified the +7 trident "Citadalo" {distort, rC+}
 10754 | D:10     | Found a radiant altar of Vehumet.
 11402 | D:11     | Found a staircase to the Orcish Mines.
 11410 | D:11     | Found a frozen archway.
 11471 | D:11     | Reached **** piety under Okawaru
 11531 | IceCv    | Entered an ice cave
 11879 | IceCv    | Reached skill level 5 in Dodging
 12228 | IceCv    | Reached skill level 14 in Long Blades
 12251 | IceCv    | Found the +4 skin of Zhor {*Englaciate rC+++ SInv}
 12274 | IceCv    | Noticed a reaper
 12301 | IceCv    | Reached skill level 10 in Fighting
 12490 | IceCv    | Killed a reaper
 12739 | IceCv    | Identified a scroll of acquirement
 12739 | IceCv    | Acquired 1044 gold pieces
 12837 | D:11     | Noticed a two-headed ogre
 12847 | D:11     | Killed a two-headed ogre
 12847 | D:11     | Reached ***** piety under Okawaru
 13067 | D:11     | Noticed Grum
 13079 | D:11     | Received a gift from Okawaru
 13088 | D:11     | Killed Grum
 13089 | D:11     | Reached XP level 12. HP: 108/108 MP: 11/11
 13681 | Lair:1   | Entered Level 1 of the Lair of Beasts
 13870 | Lair:1   | Identified the +2 spear "Loib Wua" {freeze, *Corrode rElec
                  | Int+3 Dex+4}
 14072 | Lair:1   | Reached skill level 15 in Long Blades
 14218 | Lair:1   | Noticed Amaemon
 14232 | Lair:1   | Killed Amaemon
 14516 | Lair:1   | Noticed an eight-headed hydra
 14523 | Lair:1   | Killed a four-headed hydra
 14843 | Lair:2   | Received a gift from Okawaru
 14860 | Lair:2   | Found a staircase to the Shoals.
 15058 | Lair:2   | Reached skill level 10 in Shields
 15140 | Lair:2   | Found a staircase to the Snake Pit.
 15394 | Lair:2   | Reached ****** piety under Okawaru
 15423 | Lair:2   | Reached XP level 13. HP: 117/118 MP: 12/12
 15433 | Lair:2   | Received a gift from Okawaru
 15896 | Lair:3   | Noticed Nergalle
 15904 | Lair:3   | Killed Nergalle
 15907 | Lair:3   | Noticed Gastronok
 15919 | Lair:3   | Killed Gastronok
 16015 | Lair:3   | Reached skill level 1 in Invocations
 16126 | Lair:3   | Noticed Rupert
 16135 | Lair:3   | Killed Rupert
 16403 | Lair:3   | Noticed Snorg
 16411 | Lair:3   | Killed Snorg
 16637 | Lair:3   | Reached skill level 16 in Long Blades
 16637 | Lair:3   | Reached skill level 15 in Armour
 17201 | D:12     | Received a gift from Okawaru
 17593 | D:12     | Received a gift from Okawaru
 17692 | D:12     | Reached XP level 14. HP: 128/133 MP: 14/14
 18305 | Orc:1    | Entered Level 1 of the Orcish Mines
 18311 | Orc:1    | Found a bloodstained altar of Trog.
 18512 | Orc:2    | Entered Level 2 of the Orcish Mines
 18619 | Orc:2    | Found a staircase to the Elven Halls.
 18748 | Orc:2    | Received a gift from Okawaru
 18858 | Orc:2    | Reached skill level 17 in Long Blades
 19071 | Orc:2    | Found Puudwuru's General Store.
 19398 | Orc:2    | Noticed Saint Roka
 19527 | Orc:2    | Found Acuz's Antique Weapon Shop.
 19531 | Orc:2    | Found Foribrey's Antique Armour Boutique.
 19582 | Orc:2    | Paralysed by an orc sorcerer for 2 turns
 19600 | Orc:2    | Found Koal's General Store.
 19837 | Orc:2    | Reached skill level 15 in Fighting
 20032 | Orc:1    | Received a gift from Okawaru
 22127 | D:14     | Found a gate to the Vaults.
 22553 | D:14     | Received a gift from Okawaru
 23137 | Lair:4   | Found a gate leading to a gauntlet.
 23138 | Lair:4   | Found a staircase to the Slime Pits.
 23138 | Lair:4   | Found a viscous altar of Jiyva.
 23164 | Lair:4   | Reached skill level 18 in Long Blades
 23199 | Gauntlet | Entered a Gauntlet
 23199 | Gauntlet | Found a transporter.
 23207 | Gauntlet | Found a transporter.
 23209 | Gauntlet | Found a transporter.
 23211 | Gauntlet | Found a transporter.
 23232 | Gauntlet | Found a transporter.
 23242 | Gauntlet | Found a transporter.
 23250 | Gauntlet | Found a transporter.
 23266 | Gauntlet | Found a transporter.
 23285 | Gauntlet | Found a transporter.
 23315 | Gauntlet | Found a transporter.
 23353 | Gauntlet | Found a transporter.
 23367 | Gauntlet | Found a transporter.
 23376 | Gauntlet | Found a transporter.
 23381 | Gauntlet | Found a transporter.
 23383 | Gauntlet | Found a transporter.
 23406 | Gauntlet | Found a transporter.
 23412 | Gauntlet | Found a transporter.
 23463 | Gauntlet | Found a transporter.
 23873 | Gauntlet | Reached XP level 15. HP: 137/142 MP: 15/15
 24232 | Gauntlet | Identified the +0 cloak "Dousm" {Fly rC- Dex+3}
 24264 | Gauntlet | Got Sif Muna's Anthology of Fulgent Misery
 24271 | Gauntlet | Identified the +3 kite shield of Trumpets {Str+2}
 24542 | Lair:4   | Found an iron altar of Okawaru.
 24615 | Lair:3   | Received a gift from Okawaru
 24975 | Lair:5   | Entered Level 5 of the Lair of Beasts
 25566 | Lair:5   | Received a gift from Okawaru
 26076 | Lair:5   | Received a gift from Okawaru
 26521 | Lair:5   | Reached skill level 15 in Shields
 26577 | Lair:5   | Reached XP level 16. HP: 118/154 MP: 16/16
 26586 | Lair:5   | Identified the +1 dagger "Cekut" {flame, +Blink}
 27232 | D:15     | Entered Level 15 of the Dungeon
 27266 | D:15     | Reached skill level 19 in Long Blades
 27747 | D:15     | Found a staircase to the Depths.
 27837 | D:15     | Noticed Nessos
 27936 | D:14     | Received a gift from Okawaru
 28009 | D:15     | Killed Nessos
 28534 | D:2      | Killed Crazy Yiuf
 28835 | D:10     | Killed Beaer's ghost
 29163 | Orc:2    | Bought a scroll of identify for 32 gold pieces
 29455 | Orc:2    | Killed Saint Roka
 30008 | Shoals:1 | Entered Level 1 of the Shoals
 30192 | Shoals:1 | Received a gift from Okawaru
 30240 | Shoals:1 | HP: 6/155 [water nymph/the raging water (31)]
 30505 | Shoals:1 | HP: 7/155 [drowned by a water nymph (7)]
 30993 | Shoals:1 | Noticed a kraken
 31194 | Elf:1    | Entered Level 1 of the Elven Halls
 31210 | Orc:2    | Incinerated by a deep elf pyromancer

Illustrated notes

Levels and vault maps discovered:
D:1:      sevenhm_arrival_forest_fort_small_6, layout_loops_cross, serial_shops,
          shop, chequers_serial_rivers_micro_a
D:2:      layout_loops_ring, uniq_natasha, uniq_crazy_yiuf_cottage
D:3:      minmay_bubble_buster, layout_basic, uniq_robin
D:4:      layout_basic
D:5:      layout_gridville, uniq_sigmund, uniq_menkaure
D:6:      layout_rooms, grunt_qazlal_clouds
D:7:      layout_basic, minmay_temple_entry_poolview,
          kennysheep_generic_room_16, uniq_prince_ribbit1, uniq_pikel,
          uniq_duvessa
D:8:      layout_basic, minmay_crossroads, uniq_joseph
D:9:      layout_rooms, hellmonk_lair_entry_icy
D:10:     layout_grid_maze, vehumet_altar_wand_db, ebering_ghost_funeral_grove,
          uniq_psyche
D:11:     layout_basic, david_orc_2, portal_ice_cave_entry_imps, uniq_grum
D:12:     cheibrodos_ideogram_h, layout_rooms
D:13:     layout_basic, roderic_three_in_a_row
D:14:     layout_gridville, david_vaults_2, minmay_staircase_statues_hall_small,
          minivault_5
D:15:     hangedman_depths_entry_civil_slaughter, layout_rooms, chequers_jeans,
          uniq_nessos
Temple:   nicolae_temple_slightly_damp_pantheon
Lair:1:   layout_small_grid, minmay_holes, uniq_amaemon
Lair:2:   layout_chaotic_city, minmay_shoals_entry_beasts,
          minmay_snake_entry_guardpost_medium
Lair:3:   layout_layer_cave, uniq_rupert, uniq_snorg, uniq_nergalle,
          uniq_gastronok
Lair:4:   layout_cave_shapes, slime_entry_1, basic_altar,
          gauntlet_entry_generic, lemuel_fruit_fields
Lair:5:   hangedman_lair_caniforms_friends, layout_loops_ring,
          hangedman_lair_in_review, serial_bayou_shore_b
Shoals:1: layout_shoals, nicolae_shoals_water_shrine
Orc:1:    layout_caves, trog_butcher_becter
Orc:2:    grunt_orc_community_town_hall, layout_caves,
          grunt_orc_community_big_house_1, grunt_orc_community_big_house_1,
          grunt_orc_community_house_2, grunt_orc_community_house_2,
          grunt_orc_community_house_2, grunt_orc_community_house_3,
          grunt_orc_community_house_1, grunt_orc_community_house_3,
          statue_in_the_mist_lemuel
Elf:1:    elf_arrival_002, layout_geoelf_diagonals, serial_shops,
          nicolae_shop_pleasant_corner_grove, minmay_elf_crystal_heptagon

Skill      XL: |  1  2  3  4  5  6  7  8  9 10 11 12 13 14 15 16 |
---------------+-------------------------------------------------+-----
Fighting       | 4 5 6 7 8 10 12 14 15 16 17 | 17.7
Shields        | 4 5 7 8 10 11 12 15 16 | 16.2
Armour         | 4 5 6 7 8 9 10 12 14 15 16 17 18 | 18.4
Long Blades    | 3 4 5 7 9 11 13 14 15 16 18 19 | 19.4
Dodging        | 1 2 3 4 5 |  5.0
Stealth        | 1 2 |  2.4
Invocations    | 1 2 |  2.2
Evocations     | |  0.5

Action                     |  1- 3 |  4- 6 |  7- 9 | 10-12 | 13-15 | 16-18 || total
---------------------------+-------+-------+-------+-------+-------+-------++-------
  Melee: Long sword        |    75 |   218 |   230 |   551 |    35 |       ||  1109
         Headbutt          |    10 |    35 |    60 |   185 |   332 |    74 ||   696
         Scimitar          |       |       |       |   225 |  1229 |   271 ||  1725
 Invoke: Heroism           |       |       |       |    10 |    12 |     2 ||    24
  Evoke: Wand              |       |       |       |     5 |       |     5 ||    10
    Use: Potion            |       |     3 |     2 |     4 |     8 |     2 ||    19
         Scroll            |       |     6 |       |    12 |    11 |     3 ||    32
   Stab: Petrified         |       |       |       |       |     3 |       ||     3
 Armour: Scale mail        |    68 |    74 |       |       |       |       ||   142
         Chain mail        |       |   114 |   160 |    18 |       |       ||   292
         Plate armour      |       |       |       |   418 |       |       ||   418
         Crystal plate arm |       |       |       |   223 |  1159 |   317 ||  1699
  Dodge: Dodged            |    61 |    79 |    98 |   225 |   375 |    82 ||   920
  Block: Buckler           |    24 |    52 |    66 |   225 |   198 |    63 ||   628
         Kite shield       |       |       |       |       |   528 |   143 ||   671
         Reflection        |       |       |       |       |       |     5 ||     5
